 Dungeon Crawl Stone Soup version 0.21.1-1-g345015f (webtiles) character file.

131 Mgcat the Skirmisher (level 4, 0/63 HPs)
             Began as a Minotaur Berserker on Feb 13, 2018.
             Was a Believer of Trog.
             Slain by a gnoll
             ... wielding a +0 spear
              (8 damage)
             ... on level 3 of the Dungeon.
             The game lasted 00:03:29 (1598 turns).

Mgcat the Skirmisher (Minotaur Berserker)           Turns: 1598, Time: 00:03:29

Health: 0/63       AC:  3    Str: 26    XL:     4   Next: 91%
Magic:  3/3        EV: 12    Int:  4    God:    Trog [**....]
Gold:   136        SH:  0    Dex: 11    Spells: 3/3 levels left

rFire    . . .     SeeInvis .   a - +0 hand axe
rCold    . . .     Gourm    .   (no shield)
rNeg     . . .     Faith    .   q - +0 leather armour
rPois    .         Spirit   .   (helmet restricted)
rElec    .         Reflect  .   (no cloak)
rCorr    .         Harm     .   (no gloves)
MR       .....     Rnd*Tele +   (no boots)
Stlth    ..........             (no amulet)
HPRegen  0.20/turn              h - ring of teleportation {+/*tele, !d}
MPRegen  0.08/turn              (no ring)

@: berserking, very quick
A: retaliatory headbutt, horns 2
a: Berserk, Trog's Hand, Burn Spellbooks, Renounce Religion


You were on level 3 of the Dungeon.
You worshipped Trog.
Trog was pleased with you.
You were very hungry.

You visited 1 branch of the dungeon, and saw 3 of its levels.

You collected 136 gold pieces.

Inventory:

Hand Weapons
 a - a +0 hand axe (weapon)
Armour
 q - a +0 leather armour (worn)
   (You found it on level 2 of the Dungeon)
Jewellery
 h - a ring of teleportation (left hand) {+/*tele, !d}
   (You found it on level 1 of the Dungeon)
Scrolls
 e - 3 scrolls of teleportation
Potions
 b - a potion of heal wounds {unknown}
 g - a potion of agility {unknown}
 k - a potion of resistance {unknown}
 m - a potion of might
 n - a potion of lignification {unknown}
 p - 4 potions of curing
Comestibles
 c - 10 rations
 d - a chunk of flesh {@w0}


   Skills:
 + Level 5.5 Fighting
 + Level 5.4 Axes
 - Level 2.4 Armour
 - Level 2.1 Dodging


You had 3 spell levels left.
You didn't know any spells.

Dungeon Overview and Level Annotations

Branches:
Dungeon (3/15)

Altars:
Qazlal


Innate Abilities, Weirdness & Mutations

You reflexively headbutt those who attack you in melee.
You have a pair of horns on your head.


Message History

You climb downwards.
There is a stone staircase leading up here.
As you read the scroll labeled EWEREAHIAN, it crumbles to dust.
You feel as if something is helping you.
It was a scroll of remove curse.
Unknown command.
As you read the scroll labeled JIFACI GUSURIOFOG, it crumbles to dust.
It is a scroll of amnesia.
You feel forgetful for a moment.
As you read the scroll labeled LEOKUM ERICW, it crumbles to dust.
You assume a fearsome visage.
Nothing appears to happen.
It was a scroll of fear.
As you read the scroll labeled PONWATSORRE, it crumbles to dust.
You feel strangely unstable.
It was a scroll of teleportation.
Unknown command.
As you read the scroll labeled QAOD SANLOTH, it crumbles to dust.
It is a scroll of identify.
p - 4 potions of curing
As you read the scroll of identify, it crumbles to dust.
j - a potion of berserk rage
As you read the scroll of identify, it crumbles to dust.
m - a potion of might Your surroundings suddenly seem different.
Drop what? 11/52 slots (_ for help) (? for menu, Esc to quit)
You drop a potion of berserk rage {!q}.
You drop 4 potions of curing.
p - 4 potions of curing
Found a stone staircase leading down.
b - a metallic black potion A bat comes into view.
You closely miss the bat. Your headbutt misses the bat.
The bat barely misses you.
You hit the bat.
You kill the bat!
Trog accepts your kill.
No target in view!
No target in view!
No target in view!
You butcher the bat corpse.
d - a chunk of flesh {@w0} You see here 19 arrows.
Found a stone staircase leading down.
Found an escape hatch in the ceiling.
There is a stone staircase leading down here.
A worm and a gnoll come into view.
The gnoll is wielding a whip of electrocution.
The gnoll shouts!
You hear a shout! x3
A hobgoblin and 3 gnolls come into view.
A gnoll is wielding a spear of flaming.
You slash the worm! You headbutt the worm.
The worm is heavily wounded.
You hit the worm. You headbutt the worm!
The worm is almost dead.
The worm bites you!
A red film seems to cover your vision as you go berserk!
You feel yourself moving faster!
You feel mighty!
You are feeling very hungry.
You slash the worm!
You kill the worm!
Trog accepts your kill.
The gnoll hits you from afar with a spear.
The gnoll barely misses you. You furiously retaliate!
You headbutt the gnoll!
The gnoll hits you from afar with a spear of flaming!
The gnoll burns you.
You are too injured to fight recklessly!
You are too injured to fight recklessly!
You are too injured to fight recklessly!
You are too injured to fight recklessly!
You are too injured to fight recklessly!
You are too injured to fight recklessly!
You barely miss the gnoll.
The gnoll is heavily wounded.
The gnoll barely misses you.
The gnoll hits you from afar with a spear.
The gnoll hits you from afar with a spear of flaming.
The gnoll burns you.
You hit the gnoll. Your headbutt misses the gnoll.
The gnoll is almost dead.
You slash the gnoll!
You kill the gnoll!
Trog accepts your kill. The gnoll barely misses you.
The gnoll closely misses you.
The gnoll hits you from afar with a spear!
The gnoll hits you with a spear.
* * * LOW HITPOINT WARNING * * *
The gnoll hits you with a spear of flaming!
* * * LOW HITPOINT WARNING * * *
The gnoll burns you.
* * * LOW HITPOINT WARNING * * *
Things that are here:
a whip of electrocution; a gnoll corpse You hit the gnoll.
The gnoll is moderately wounded.
You barely miss the gnoll. The gnoll closely misses you.
You are too berserk!
You slash the gnoll!
You kill the gnoll!
Trog accepts your kill.
You barely miss the gnoll. The gnoll hits you with a spear!
You die...

#.......# #.......#
#.......#
##.......####
..<.........##
.......>.....#
#######.####.##
##########.####..#
......g@.....##..##
.....gg###.#.##(..#
....... #.#.##...##
....... #.#.###...#
.......###.#.###...#
##.................#
#########.#.####..#
.#.# ##.# #.# #.#


You could see 2 gnolls and a hobgoblin.

Vanquished Creatures
  A hound (D:2)
  2 gnolls (D:3)
  3 adders (D:2)
  An ooze (D:2)
  2 worms
  4 dart slugs (D:1)
  A leopard gecko (D:2)
  5 bats
  2 giant cockroaches (D:2)
  4 goblins
  2 hobgoblins (D:1)
  2 jackals (D:1)
  A quokka (D:2)
  A ball python (D:2)
  2 frilled lizards (D:2)
  3 kobolds
  5 rats
41 creatures vanquished.

Notes
Turn   | Place    | Note
-------+----------+-------------------------------------------
     0 | D:1      | Mgcat the Minotaur Berserker began the quest for the Orb.
     0 | D:1      | Reached XP level 1. HP: 19/19 MP: 0/0
    80 | D:1      | Reached skill level 4 in Fighting
    80 | D:1      | Reached skill level 4 in Axes
    83 | D:1      | Reached XP level 2. HP: 23/27 MP: 1/1
   620 | D:2      | Reached XP level 3. HP: 28/34 MP: 2/2
   865 | D:2      | Reached ** piety under Trog
   915 | D:2      | Reached XP level 4. HP: 33/41 MP: 3/3
   980 | D:2      | Reached skill level 5 in Fighting
   980 | D:2      | Reached skill level 5 in Axes
  1078 | D:2      | Found a faded altar of an unknown god.
  1505 | D:2      | Found a stormy altar of Qazlal.
  1596 | D:3      | HP: 10/63 [gnoll/spear of flaming (7)]
  1598 | D:3      | Slain by a gnoll

Skill      XL: |  1  2  3  4 |
---------------+-------------+-----
Fighting       | 4 5 |  5.5
Axes           | 4 5 |  5.4
Armour         | |  2.4
Dodging        | |  2.1

Action                   |  1- 3 |  4- 6 || total
-------------------------+-------+-------++-------
Melee: Hand axe          |    50 |    42 ||    92
       Headbutt          |    11 |    13 ||    24
Invok: Berserk           |     1 |     1 ||     2
  Use: Scroll            |       |     7 ||     7
  Eat: Chunk             |     1 |     2 ||     3
Armor: Animal skin       |     5 |     5 ||    10
Dodge: Dodged            |    37 |    24 ||    61

Vault maps used:
D:1:      saegor_arrival_simple_d
D:2:      chequers_ecumenical_altar_simple, first_ration, st_stairs_12,
          nrook_mini_vaults, nicolae_qazlal_eye_of_the_storm
D:3:      minitemple

Table legend:
 A = Turns spent in this place as a percentage of turns spent in the entire game.
 B = Non-inter-level travel turns spent in this place as a percentage of non-inter-level travel turns spent in the entire game.
 C = Inter-level travel turns spent in this place as a percentage of turns spent in this place.
 D = Turns resting spent in this place as a percentage of non-inter-level travel turns spent in this place.
 E = Turns spent auto-exploring this place as a percentage of non-inter-level travel turns spent in this place.
 F = Non-inter-level travel turns spent in this place divided by the number of levels of this place that you've seen.
                   A       B       C       D       E      F
               +-------+-------+-------+-------+-------+----------------------
         Total | 100.0 | 100.0 |   2.4 |   4.2 |  79.5 | 519.7
       Dungeon | 100.0 | 100.0 |   2.4 |   4.2 |  79.5 | 519.7
               +-------+-------+-------+-------+-------+----------------------

Table legend:
 A = Kills in this place as a percentage of kills in entire the game.
 B = Kills by you in this place as a percentage of kills by you in the entire game.
 C = Kills by friends in this place as a percentage of kills by friends in the entire game.
 D = Other kills in this place as a percentage of other kills in the entire game.
 E = Experience gained in this place as a percentage of experience gained in the entire game.
 F = Experience gained in this place divided by the number of levels of this place that you have seen.
                   A       B       C       D       E      F
               +-------+-------+-------+-------+-------+----------------------
         Total | 100.0 | 100.0 |   N/A |   N/A | 100.0 |  62.7
       Dungeon | 100.0 | 100.0 |   N/A |   N/A | 100.0 |  62.7
               +-------+-------+-------+-------+-------+----------------------
